 Dungeon Crawl Stone Soup version 0.29-a0-555-g3b24f45cc1 (webtiles) character file.

Game seed: 9843884334478015555

33 testman the Ruffian (level 3, -4/31 HPs)
             Began as a Meteoran Wanderer on June 7, 2022.
             Was a Believer of Elyvilon.
             Killed by nerve-wracking pain
             ... invoked by Grinder
              (10 damage)
             ... while paralysed by Grinder
             ... on level 3 of the Dungeon.
             The game lasted 00:07:54 (907 turns).

testman the Ruffian (Meteoran Wanderer)              Turns: 907, Time: 00:07:54

Health: -4/31      AC:  8    Str: 13    XL:     3   Next: 70%
Magic:  1/2        EV:  2    Int: 17    God:    Elyvilon [**....]
Gold:   93         SH:  0    Dex: 15    Spells: 2/4 levels left

rFire   . . .      SeeInvis .   q - +6 dagger of Hiwkut {antimagic, Dex+3}
rCold   . . .      Faith    .   (no shield)
rNeg    . . .      Spirit   .   c - +0 ring mail
rPois   .          Reflect  .   l - +2 helmet
rElec   .          Harm     .   (no cloak)
rCorr   .          Rampage  .   (no gloves)
Will    .....                   (no boots)
Stlth   +.........              (no amulet)
HPRegen 0.10/turn               (no ring)
MPRegen 0.08/turn               (no ring)

@: paralysed, glowing
A: sense surroundings 1, otherworldly, glowing, explore regen
a: Renounce Religion, Purification, Heal Other


You were on level 3 of the Dungeon.
You worshipped Elyvilon.
Elyvilon was pleased with you.
You visited 1 branch of the dungeon, and saw 3 of its levels.

You collected 93 gold pieces.

Inventory:

Hand Weapons
 a - a +0 mace
 j - a +0 war axe
 q - the +6 dagger of Hiwkut (weapon) {antimagic, Dex+3}
   (You found it on level 2 of the Dungeon)

   It reduces the magical energy of the wielder, and disrupts the spells and
   magical abilities of those it strikes.
   Natural abilities and divine invocations are not affected.
   Dex:       It affects your dexterity (+3).
Missiles
 h - 8 boomerangs
Armour
 c - a +0 ring mail (worn)
 l - a +2 helmet (worn)
Jewellery
 s - an amulet of guardian spirit
Scrolls
 b - a scroll of blinking
 f - a scroll of summoning {unknown}
 g - a scroll of fog {unknown}
 k - 2 scrolls of fear {unknown}
 m - 3 scrolls of magic mapping {unknown}
 o - 2 scrolls of noise {unknown}
 p - a scroll of brand weapon {unknown}
 t - a scroll of teleportation {unknown}
Potions
 d - a potion of mutation
 e - a potion of might
 i - 2 potions of heal wounds {unknown}
 n - a potion of haste {unknown}
 r - 2 potions of curing {unknown}


   Skills:
 + Level 3.4 Fighting
 + Level 1.1 Short Blades
 - Level 1.2 Throwing
 - Level 1.2 Armour
 - Level 3.6 Unarmed Combat
 - Level 1.3 Spellcasting
 - Level 2.4 Translocations
 - Level 1.3 Invocations


You had 2 spell levels left.
You knew the following spells:

 Your Spells              Type           Power      Damage    Failure   Level
a - Apportation           Tloc           18%        N/A       16%         1
b - Foxfire               Conj/Fire      4%         2x1d4     41%         1

Your spell library contained the following spells:

 Spells                   Type           Power      Damage    Failure   Level
 Lesser Beckoning         Tloc           9%         N/A       43%         3
 Conjure Flame            Conj/Fire      1%         6-21      78%         3
 Inner Flame              Hex/Fire       1%         N/A       78%         3
 Flame Wave               Conj/Fire      1%         2d4       99%         4
 Fireball                 Conj/Fire      0%         3d3       100%        5
 Iskenderun's Battlesphe  Conj           1%         2d6       100%        5
 Conjure Ball Lightning   Conj/Air       0%         3x3d6     100%        6
 Orb of Destruction       Conj           0%         9d5       100%        7


Dungeon Overview and Level Annotations

Branches:
Dungeon (3/15)

Altars:
Elyvilon

Shops:
D:1 =

Annotations:
D:2 Sigmund
D:3 Grinder


Innate Abilities, Weirdness & Mutations

You passively map a small area around you.
You are easily found by Zot.
You glow in the dark.
You regain HP and MP as you explore.


Message History

(D) Dungeon
Where to? (Enter - D:2 @ (x,y), ? - help)
There is a stone staircase leading down here.
You climb downwards.
There is a stone staircase leading up here.
Grinder comes into view.
She is carrying a wand of digging (7).
Casting: Foxfire (safe; 41% risk of failure)
Press: ? - help, Q - select action, (/) - cycle Dir - look around, f - activate You conjure some foxfire!
Grinder blinks!
You closely miss Grinder.
The foxfire hits Grinder but does no damage.
The foxfire hits Grinder.
Grinder is lightly wounded.
You hit Grinder.
Grinder's magic leaks into the air.
Grinder is lightly wounded.
Grinder hits you.
You writhe in agony.
You hit Grinder.
Grinder's magic leaks into the air.
Grinder is lightly wounded.
Grinder hits you.
You writhe in agony.
You hit Grinder but do no damage.
Grinder is lightly wounded.
Grinder's magic is no longer disrupted.
Grinder hits you.
You completely miss Grinder.
Grinder is lightly wounded.
Grinder gestures at you.
You suddenly lose the ability to move!
Grinder hits you.
* * * LOW HITPOINT WARNING * * *
You writhe in agony.
* * * LOW HITPOINT WARNING * * *
Grinder gestures at you.
You shrug off the repeated paralysis!
Grinder says, "DUCK!"
Grinder gestures at you. You resist with significant effort.
Grinder hits you but does no damage. Grinder gestures at you.
Pain shoots through your body!
You die...

, #........# , ,
, ,#.######.###
, ,.,
#.....<....#, ,
...####...#.#.#
,
..............#
....#####.#.###
*
..........#...#
*
..............#
#......@#######,
#...#.5........
, *###
#.#........ ,
,....#####... *
..... * .. ,
....... , ,
....... ,
....... , , , ,,


You could see Grinder.

Vanquished Creatures
  An adder (D:2)
  A worm (D:2)
  3 bats (D:2)
  An endoplasm (D:1)
  A giant cockroach (D:2)
  4 goblins
  A hobgoblin (D:1)
  A kobold (D:2)
  2 quokkas (D:2)
  A ball python (D:1)
  2 frilled lizards
  2 rats
20 creatures vanquished.

Vanquished Creatures (others)
  2 foxfires (D:3)
2 creatures vanquished.

Grand Total: 22 creatures vanquished

Notes
Turn   | Place    | Note
-------+----------+-------------------------------------------
     0 | D:1      | testman the Meteoran Wanderer began the quest for the Orb.
     0 | D:1      | testman set off with the following items: a +0 club, a
                  | scroll of blinking, a +0 ring mail, a potion of mutation, a
                  | potion of might; and the following spell memorised:
                  | Apportation; and the following spells available to
                  | memorise: Lesser Beckoning
     0 | D:1      | Reached XP level 1. HP: 17/17 MP: 3/3
   173 | D:1      | Found a faded altar of an unknown god.
   183 | D:1      | Reached XP level 2. HP: 25/25 MP: 5/5
   183 | D:1      | Prayed at the altar of an unknown god.
   183 | D:1      | Became a worshipper of Elyvilon the Healer
   183 | D:1      | Reached * piety under Elyvilon
   346 | D:2      | Reached skill level 1 in Invocations
   408 | D:2      | Identified the +6 dagger of Hiwkut {antimagic, Dex+3}
   446 | D:2      | Reached ** piety under Elyvilon
   536 | D:2      | Reached XP level 3. HP: 31/31 MP: 2/6
   544 | D:2      | Learned a level 1 spell: Foxfire
   559 | D:2      | Noticed Sigmund
   652 | D:2      | Reached skill level 1 in Short Blades
   708 | D:1      | Found Vairob's Jewellery Emporium.
   896 | D:3      | Noticed Grinder
   902 | D:3      | Paralysed by Grinder for 5 turns
   907 | D:3      | Killed from afar by Grinder

Illustrated notes

Levels and vault maps discovered:
D:1:      dpeg_arrival_yet_another_circle, layout_loops_ring, serial_shops,
          shop, ebering_ecumenical_altar_abandoned
D:2:      layout_basic, uniq_sigmund
D:3:      minmay_angry_zag, layout_basic, grunt_dithmenos_smoke,
          chequers_serial_rivers_marsh, uniq_grinder

Skill      XL: |  1  2  3 |
---------------+----------+-----
Fighting       | 3 |  3.4
Invocations    | 1 |  1.3
Short Blades   | 1 |  1.1
Throwing       | |  1.2
Armour         | |  1.2
Unarmed Combat | |  3.6
Spellcasting   | |  1.3
Translocations | |  2.4

Action                   || total
-------------------------++-------
Melee: War axe           ||     4
       Mace              ||    27
       Dagger            ||    28
       Punch             ||     2
 Cast: Foxfire           ||     1
Armor: Ring mail         ||    56
Dodge: Dodged            ||    40

Table legend: (Time is in decaauts)
 A = Elapsed time spent in this place.
 B = Non-inter-level travel time spent in this place.
 C = Inter-level travel time spent in this place.
 D = Time resting spent in this place.
 E = Time spent auto-exploring this place.
 F = Levels seen in this place.
 G = Mean time per level.
                   A        B        C        D        E       F      G
               +--------+--------+--------+--------+--------+-----+--------+
         Total |    918 |    804 |    114 |      0 |    259 |   3 |  306.0 |
       Dungeon |    918 |    804 |    114 |      0 |    259 |   3 |  306.0 |
               +--------+--------+--------+--------+--------+-----+--------+

Top non-repeatable levels by time:
     D:2: 629 daAuts
     D:1: 266 daAuts
     D:3: 23 daAuts
